 Dungeon Crawl Stone Soup version bcrawl-1.21.3-1-g0d72ed7573 (webtiles) character file.

Game seed: 1599801732485023981

1283 Mehrunes the Grave Robber (level 8, 0/48 HPs)
             Began as a Skeleton Necromancer on Apr 15, 2020.
             Slain by a bullfrog (6 damage)
             ... on level 6 of the Dungeon.
             The game lasted 00:17:58 (7087 turns).

Mehrunes the Grave Robber (Skeleton Necromancer)    Turns: 7087, Time: 00:17:58

Health: 0/48       AC: 11    Str: 11 (14) XL:     8   Next: 29%
Magic:  0/15       EV: 12    Int: 17      God:
Gold:   363        SH:  0    Dex:  9      Spells: 2/16 levels left

rFire    . . .     SeeInvis .   c - +2 dagger (freeze)
rCold    + . .     Gourm    .   (no shield)
rNeg     + + +     Faith    .   i - +0 ring mail
rPois    ∞         Spirit   +   n - +2 hat
rElec    .         Reflect  .   j - +0 cloak
rCorr    .         Harm     .   (no gloves)
MR       +....                  (no boots)
Stlth    +.........             (no amulet)
HPRegen  0.16/turn              h - +3 ring of protection
MPRegen  0.14/turn              (no ring)

@: no status effects
A: no food or potions, cold resistance 1, deterioration 1, negative energy
resistance 3, powered by death 1, torment resistance, unbreathing, magic shield,
sturdy frame 1, spell healing
a: no special abilities


You were on level 6 of the Dungeon.
You were not hungry.

You visited 1 branch of the dungeon, and saw 6 of its levels.

You collected 363 gold pieces.

Inventory:

Hand Weapons
 a - a +1 dagger
 c - a +2 dagger of freezing (weapon)
Armour
 b - a +0 robe
 i - a +0 ring mail (worn)
 j - a +0 cloak (worn)
 n - a +2 hat (worn)
Jewellery
 h - a +3 ring of protection (left hand)
Wands
 m - a wand of random effects (4)
Scrolls
 d - a scroll of magic mapping {unknown}
 e - 2 scrolls of remove curse
 f - 4 scrolls of identify
 g - 2 scrolls of teleportation {unknown}
 k - a scroll of fear {unknown}
 l - 3 scrolls of noise {unknown}


   Skills:
 - Level 4.0 Fighting
 - Level 4.3 Short Blades
 + Level 3.7 Dodging
 - Level 2.4 Stealth
 + Level 4.9 Spellcasting
 + Level 4.9 Conjurations
 + Level 7.4 Necromancy


You had 2 spell levels left.
You knew the following spells:

 Your Spells              Type           Power        Failure   Level  Hunger
a - Animate Skeleton      Necr           N/A          1%          1    N/A
b - Pain                  Necr           ####..       1%          1    N/A
c - Vampiric Draining     Necr           ####......   3%          3    N/A
d - Bolt of Draining      Conj/Necr      ####......   45%         5    N/A
e - Animate Dead          Necr           N/A          11%         4    N/A

Your spell library contained the following spells:

 Spells                   Type           Power        Failure   Level  Hunger
 Summon Small Mammal      Summ           #...         22%         1    N/A
 Call Imp                 Summ           #.....       34%         2    N/A
 Call Canine Familiar     Summ           #.......     56%         3    N/A
 Summon Ice Beast         Ice/Summ       #.......     92%         4    N/A
 Summon Lightning Spire   Summ/Air       #.......     99%         5    N/A
 Regeneration             Chrm/Necr      Unusable     N/A         3    N/A

Dungeon Overview and Level Annotations

Branches:
Dungeon (6/12)
 Temple: D:4-7

Altars:
Ashenzari
Nemelex Xobeh
The Shining One

Shops:
D:4 (   D:5 %   D:6 *

Annotations:
D:5 Eustachio, Sigmund


Innate Abilities, Weirdness & Mutations

You do not eat or drink.
You are immune to poison.
Your flesh is cold resistant. (rC+)
Your body sometimes deteriorates upon taking damage.
You are immune to negative energy. (rN+++)
You regenerate a little health from kills.
You are immune to unholy pain and torment.
You can survive without breathing.
When hurt, damage is shared between your health and your magic reserves.
Your movements are slightly less encumbered by armour. (ER -2)
Casting spells heals you.


Message History

Confirm with . or Enter, or press ? or * to list all spells.
You don't have enough magic to cast that spell.
Okay, then.
Evoke which item? (* to show all) (? for menu, Esc to quit)
Aiming: Random Effects
Press: ? - help, Shift-Dir - straight line, f - yak, p - yak
Aim: a yak (lightly wounded)
The bolt of negative energy misses the bullfrog.
The bolt of negative energy hits the yak!
The yak is drained!
The yak is heavily wounded.
The orc wizard closely misses you.
The bullfrog hits you but does no damage.
The orc wizard hits you but does no damage.
The bullfrog hits you but does no damage.
The yak gores you.
* * * LOW HITPOINT WARNING * * *
The orc wizard hits you but does no damage.
The bullfrog hits you!
You die...

.... .. #......... #.##
#......... #..#
#....(....
########.###.........
#....[....o..#.......
#......Y.o...........
#........###.#.......
#...oYY......##......
####@F.#..##.##......
###.##!##)##......
#.......##......
#.............(.
#########...............
#.......#..#.......#####
#...............#### #
#.........#.##..###### #
#.......#...##.......# #


You could see 3 yaks, a bullfrog, an orc wizard and 2 orcs.

Vanquished Creatures
  A hungry ghost (D:4)
  An ice beast (D:6)
  An orc warrior (D:4)
  An ogre (D:4)
  A big kobold (D:6)
  2 scorpions (D:6)
  4 crimson imps
  A bullfrog zombie (D:6)
  A jelly (D:6)
  An orc priest (D:5)
  A bullfrog skeleton (D:4)
  3 hounds
  An iguana (D:4)
  5 orc wizards
  2 adders (D:3)
  An ooze (D:1)
  3 worms
  3 dart slugs
  3 leopard geckos
  9 orcs
  4 giant cockroaches
  4 goblins
  9 hobgoblins
  15 jackals
  5 quokkas
  5 bats
  7 frilled lizards
  17 kobolds
  7 rats
118 creatures vanquished.

Vanquished Creatures (collateral kills)
  A black bear (D:6)
  2 goblins (D:1)
  2 hobgoblins
  A bat (D:1)
  A kobold (D:1)
7 creatures vanquished.

Grand Total: 125 creatures vanquished

Notes
Turn   | Place    | Note
-------+----------+-------------------------------------------
     0 | D:1      | Mehrunes the Skeleton Necromancer began the quest for the
                  | Orb.
     0 | D:1      | Reached XP level 1. HP: 10/10 MP: 4/4
    60 | D:1      | Reached skill level 1 in Fighting
   125 | D:1      | Reached XP level 2. HP: 16/16 MP: 4/6
   590 | D:1      | Reached skill level 5 in Necromancy
   590 | D:1      | Reached XP level 3. HP: 21/21 MP: 7/7
  1661 | D:2      | Learned a level 3 spell: Vampiric Draining
  1793 | D:2      | Reached XP level 4. HP: 25/27 MP: 6/8
  2450 | D:3      | Reached skill level 1 in Short Blades
  2536 | D:3      | Found a glowing golden altar of the Shining One.
  2836 | D:3      | Reached XP level 5. HP: 30/32 MP: 8/10
  2843 | D:3      | Learned a level 5 spell: Bolt of Draining
  3107 | D:3      | Reached skill level 1 in Conjurations
  3558 | D:4      | Noticed an orc warrior
  3831 | D:4      | Found Riag's Antique Weapon Shoppe.
  3859 | D:4      | Found a sparkling altar of Nemelex Xobeh.
  4028 | D:4      | Gained mutation: You regenerate a little health from kills.
                  | [Skeleton growth]
  4028 | D:4      | Reached XP level 6. HP: 36/37 MP: 11/11
  4194 | D:4      | Found a shattered altar of Ashenzari.
  4478 | D:4      | Reached skill level 6 in Necromancy
  4839 | D:4      | Killed an orc warrior
  5093 | D:4      | Reached XP level 7. HP: 24/42 MP: 7/12
  5421 | D:5      | Entered Level 5 of the Dungeon
  5425 | D:5      | Noticed Sigmund
  5856 | D:5      | Noticed Eustachio
  5871 | D:5      | Found Huqeh's Food Shoppe.
  5875 | D:6      | Noticed a hungry ghost
  5944 | D:4      | Killed a hungry ghost
  6438 | D:6      | Reached skill level 7 in Necromancy
  6541 | D:6      | Learned a level 4 spell: Animate Dead
  6620 | D:6      | Reached XP level 8. HP: 48/48 MP: 7/14
  6951 | D:6      | Found Eziorura's Assorted Antiques.
  7087 | D:6      | Slain by a bullfrog

Skill      XL: |  1  2  3  4  5  6  7 |
---------------+----------------------+-----
Fighting       | 1 2 3 4 |  4.0
Necromancy     | 5 6 7 |  7.4
Short Blades   | 1 2 3 4 |  4.3
Conjurations   | 1 2 4 |  4.9
Dodging        | 3 |  3.7
Spellcasting   | 4 |  4.9
Stealth        | |  2.4

Action                   |  1- 3 |  4- 6 |  7- 9 || total
-------------------------+-------+-------+-------++-------
Melee: Dagger            |    91 |   218 |   183 ||   492
 Cast: Pain              |    46 |    12 |    31 ||    89
       Animate Skeleton  |     9 |     2 |       ||    11
       Vampiric Draining |     1 |    16 |    10 ||    27
       Animate Dead      |       |       |     3 ||     3
Evoke: Wand              |       |       |     1 ||     1
  Use: Scroll            |       |       |     1 ||     1
 Stab: Sleeping          |     4 |     8 |     2 ||    14
       Distracted        |       |       |     1 ||     1
Armor: Robe              |    24 |    24 |       ||    48
       Ring mail         |       |    23 |    88 ||   111
Dodge: Dodged            |    87 |   135 |   102 ||   324
